 Dungeon Crawl Stone Soup version 0.15-a0-1579-gd26fec2 (console) character file.

746 Money the Cleaver (level 7, -5/57 HPs)
             Began as a Hill Orc Gladiator on June 19, 2014.
             Was a Follower of Cheibriados.
             Slain by an orc warrior
             ... wielding a +0 trident
              (16 damage)
             ... on Level 6 of the Dungeon.
             The game lasted 00:12:13 (2165 turns).

Money the Cleaver (Hill Orc Gladiator)              Turns: 2165, Time: 00:12:13

HP  -5/57        AC 14     Str 25      XL: 7   Next: 77%
MP   9/12        EV  7     Int 11      God: Cheibriados [*.....]
Gold 208         SH  0     Dex 14      Spells:  1 memorised,  4 levels left

rFire  . . .     SeeInvis .     a - +0 war axe
rCold  . . .     Clarity  .     t - +2 chain mail
rNeg   + . .     rCorr    .     (no shield)
rPois  .         rRot     .     c - +0 helmet
rElec  .         Spirit   .     h - +0 cloak
SustAb .         Warding  .     (no gloves)
rMut   .         Stasis   .     g - +1 pair of boots "Ysaz" {+Inv rN+ Str+2 Stlth+}
Gourm  .                        (no amulet)
MR     .....                    (no ring)
                                (no ring)

@: very slow, not resistant to hostile enchantments, extremely unstealthy
A: no striking features
a: Bend Time, Renounce Religion, Evoke Invisibility


You were on level 6 of the Dungeon.
You worshipped Cheibriados.
Cheibriados was aware of your devotion.
You were not hungry.

You visited 2 branches of the dungeon, and saw 7 of its levels.
You also visited: Sewer.

You collected 208 gold pieces.

Inventory:

Hand weapons
 a - a +0 war axe (weapon)
Armour
 c - a +0 helmet (worn)
 g - the +1 pair of boots "Ysaz" (worn) {+Inv rN+ Str+2 Stlth+}
   (You found it on level 5 of the Dungeon)

   It affects your strength (+2).
   It protects you from negative energy.
   It lets you turn invisible.
   It makes you more stealthy.
 h - a +0 cloak (worn)
 t - a +2 chain mail (worn)
Magical devices
 k - a wand of draining (7)
Comestibles
 f - a meat ration
 q - a slice of pizza
 s - a beef jerky
 w - 2 bread rations
Scrolls
 j - 2 scrolls of magic mapping
 p - a scroll of enchant armour {unknown}
 r - 3 scrolls of fog
 u - a scroll of amnesia {unknown}
 A - a scroll of recharging {unknown}
Potions
 b - a potion of flight
 d - a potion of agility {unknown}
 e - a potion of brilliance
 i - a potion of confusion {unknown}
 m - 2 potions of curing
 n - 10 potions of heal wounds {unknown}
 o - 2 potions of might
Books
 l - a book of Frost

   Spells                             Type                      Level
   Freeze                             Ice                          1
   Throw Frost                        Conjuration/Ice              2
   Ozocubu's Armour                   Charms/Ice                   3
   Throw Icicle                       Conjuration/Ice              4
   Summon Ice Beast                   Ice/Summoning                4
   Condensation Shield                Ice                          4


   Skills:
 * Level 3.2 Fighting
 + Level 10.2 Axes
 - Level 2.0 Throwing
 - Level 2.4 Dodging
 + Level 4.6 Invocations


You had 4 spell levels left.
You knew the following spells:

 Your Spells              Type           Power        Failure   Level  Hunger
a - Cure Poison           Pois           #.........   100%        2    ###....


Dungeon Overview and Level Annotations

Branches:
Dungeon (6/15)             Temple (1/1) D:4

Altars:
Cheibriados
Fedhas
Gozag
Okawaru
Xom
The Shining One

Shops:
D:5 *


Message History

You slash the orc!
You kill the orc!
Cheibriados appreciates the change of pace.
The orc warrior hits you from afar with a trident!
The orc warrior hits you with a trident!
* * * LOW HITPOINT WARNING * * *
Things that are here:
a runed mace; a ring mail Use which ability? (? or * to list)
The flow of time bends around you.
Cheibriados rebukes the orc warrior.
The orc warrior seems to slow down.
You feel slightly more hungry.
Press: ? - help, v - describe, . - travel
Here: an orc warrior, wielding a trident and wearing a chain mail (slow)
The floor.
Unknown command.
You hit the orc warrior.
The orc warrior is lightly wounded.
The orc warrior hits you with a trident!
You die...

# ... ###
.. .. .. ..
.###. ...
#.# #.# #@#
#o#
###o#####.#
#...$.o...#
#<.........
#......####
#......#
########


You could see an orc warrior and an orc.

Vanquished Creatures
  An ice beast (D:5)
  An ogre (D:5)
  A big kobold (Sewer)
  The ghost of Meowch the Sneak, a weakling SpAs (D:3)
  A crimson imp (D:4)
  An orc priest (D:4)
  Crazy Yiuf (D:3)
  A worker ant (D:5)
  2 orc wizards (D:5)
  Ijyb (D:2)
  6 adders
  8 green rats (Sewer)
  A shadow imp (D:5)
  4 giant mites (D:3)
  An adder skeleton (D:4)
  2 giant geckos
  5 oozes
  13 orcs
  9 goblins
  2 hobgoblins
  5 ball pythons (Sewer)
  2 bats (D:5)
  6 giant cockroaches
  4 giant newts
  5 jackals
  23 kobolds
  2 orc skeletons
  20 rats
129 creatures vanquished.

Notes
Turn   | Place    | Note
--------------------------------------------------------------
     0 | D:1      | Money, the Hill Orc Gladiator, began the quest for the Orb.
     0 | D:1      | Reached XP level 1. HP: 18/18 MP: 1/1
    67 | D:1      | Reached XP level 2. HP: 19/25 MP: 2/2
   138 | D:2      | Reached skill level 5 in Axes
   206 | D:2      | Reached XP level 3. HP: 13/30 MP: 3/3
   236 | D:3      | Reached skill level 6 in Axes
   260 | D:3      | Noticed Meowch's ghost (weakling SpAs)
   316 | D:2      | HP: 1/30 [jackal (3)]
   344 | D:2      | Reached XP level 4. HP: 8/37 MP: 4/4
   365 | D:2      | Noticed Ijyb
   398 | D:2      | Killed Ijyb
   600 | D:3      | Killed Meowch's ghost
   600 | D:3      | Reached skill level 7 in Axes
   600 | D:3      | Reached XP level 5. HP: 34/42 MP: 5/5
   642 | D:3      | Found a glowing drain.
   661 | Sewer    | Entered a sewer
   717 | Sewer    | Reached skill level 8 in Axes
   906 | Sewer    | Reached XP level 6. HP: 17/50 MP: 6/6
  1055 | Sewer    | Reached skill level 9 in Axes
  1314 | D:3      | Noticed Crazy Yiuf
  1321 | D:3      | Killed Crazy Yiuf
  1449 | D:4      | Found a staircase to the Ecumenical Temple.
  1456 | Temple   | Entered the Ecumenical Temple
  1465 | Temple   | Became a worshipper of Cheibriados the Contemplative
  1502 | D:4      | Reached skill level 1 in Invocations
  1561 | D:4      | Reached XP level 7. HP: 40/56 MP: 9/9
  1614 | D:5      | Entered Level 5 of the Dungeon
  1691 | D:5      | Reached skill level 10 in Axes
  1759 | D:5      | Found an iron altar of Okawaru.
  1917 | D:5      | Learned a level 2 spell: Cure Poison
  2076 | D:5      | Got a pair of twisted boots
  2079 | D:5      | Identified the +1 pair of boots "Ysaz" {+Inv rN+ Str+2 Stlth+} (You found it on level 5 of the Dungeon)
  2116 | D:5      | Found Crafyijo's General Store.
  2165 | D:6      | Slain by an orc warrior

Action                   |  1- 3 |  4- 6 |  7- 9 || total
-------------------------+-------+-------+-------++-------
Melee: War axe           |    84 |   184 |   117 ||   385
Throw: Throwing net      |     8 |     3 |     4 ||    15
Invok: Bend Time         |       |       |     1 ||     1
Evoke: Wand              |       |     1 |       ||     1
  Use: Potion            |     2 |     1 |       ||     3
       Scroll            |       |     3 |     5 ||     8
 Stab: Sleeping          |     1 |       |       ||     1
       Held in net/web   |     1 |     3 |     3 ||     7
